AoeStats
← Malelf

Arabia

507980454Analyzed
1v1 RM · 11d ago on Sep 20, 2026· 15m 42s· 2 players
Game mode
Random Map
Map size
Tiny (2 player)
Population
200
Speed
Normal
Resources
Standard
Victory
Conquest
Starting age
Dark Age
Ending age
Imperial Age
RankedLock teamsTeams togetherTeam positionsShared explorationLock speedFull tech treeHidden civsTurbo modeCheats
Victory
Defeat
🇮🇹 Mongols · Italy
1654
+17
🇳🇱 Vietnamese · Netherlands
1671
-17
Malelf
6:21 Loom
9:17 Feudal Age
12:19 Double-Bit Axe
15:28 Horse Collar
Bestkeptsecret
5:03 Loom
9:23 Feudal Age
13:37 Double-Bit Axe
13:33 Horse Collar
Connection lost

Rejoining the realm…

Still unreachable

The connection could not be restored.

Session expired

The server has moved on; the page needs a fresh start.